 Dungeon Crawl Stone Soup version bcrawl-1.19.2-6-g6a88ae04c9 (webtiles) character file.

Game seed: 6130325127870549623

59 Mrkan the Chopper (level 3, 0/33 HPs)
             Began as a Minotaur Monk on Dec 26, 2019.
             Was a Believer of Ashenzari.
             Slain by a gnoll (3 damage)
             ... on level 2 of the Dungeon.
             The game lasted 00:02:46 (1206 turns).

Mrkan the Chopper (Minotaur Monk)                   Turns: 1206, Time: 00:02:47

Health: 0/33       AC:  8    Str: 16    XL:     3   Next: 78%
Magic:  0/3        EV:  8    Int:  7    God:    Ashenzari [**....]
Gold:   92         SH:  0    Dex: 12    Spells: 2/2 levels left

rFire    . . .     SeeInvis .   a - +0 hand axe
rCold    . . .     Gourm    .   (no shield)
rNeg     . . .     Faith    .   j - +0 chain mail (curse)
rPois    .         Spirit   +   c - +0 hat
rElec    .         Reflect  .   (no cloak)
rCorr    .         Harm     .   (no gloves)
MR       .....                  (no boots)
Stlth    ..........             d - amulet of guardian spirit
HPRegen  0.11/turn              (no ring)
MPRegen  0.08/turn              (no ring)

@: no status effects
A: retaliatory headbutt, horns 2
a: Curse Item, Scrying, Renounce Religion


You were on level 2 of the Dungeon.
You worshipped Ashenzari.
Ashenzari was pleased with you.
You were not hungry.

You visited 1 branch of the dungeon, and saw 2 of its levels.

You collected 92 gold pieces.

Inventory:

Hand Weapons
 a - a +0 hand axe (weapon)
 n - a +0 whip of electrocution
Armour
 c - a +0 hat (worn)
 j - a cursed +0 chain mail (worn)
Jewellery
 d - an amulet of guardian spirit (around neck)
Scrolls
 e - a scroll of remove curse {unknown}
 g - a scroll of magic mapping {unknown}
 k - a scroll of noise {unknown}
 l - a scroll of identify {unknown}
Potions
 b - a potion of mutation {unknown}
 i - a potion of curing {unknown}
 m - a potion of magic {unknown}
Comestibles
 f - 6 rations {!d}


   Skills:
 + Level 4.1 Fighting
 * Level 4.6 Axes
 + Level 1.5 Armour
 + Level 3.7 Dodging
 - Level 1.7 Stealth
   Level 2.0 Invocations


You had 2 spell levels left.
You didn't know any spells.
Your spell library was empty.

Dungeon Overview and Level Annotations

Branches:
Dungeon (2/12)

Altars:
Ashenzari


Innate Abilities, Weirdness & Mutations

You reflexively headbutt those who attack you in melee.
You have a pair of horns on your head.


Message History

The gnoll hits you with a +0 spear. The gnoll hits you but does no damage.
You closely miss the gnoll.
The goblin shouts!
You headbutt the gnoll.
You kill the gnoll!
The gnoll hits you but does no damage.
You completely miss the gnoll. The gnoll hits you but does no damage.
The gnoll hits you from afar with a +0 halberd!
* * * LOW HITPOINT WARNING * * *
You hit the gnoll. You headbutt the gnoll.
The gnoll is heavily wounded.
The gnoll hits you but does no damage.
A gnoll comes into view. It is wielding a +0 whip.
You barely miss the gnoll.
The gnoll is heavily wounded.
The gnoll shouts!
The gnoll hits you from afar with a +0 halberd.
* * * LOW HITPOINT WARNING * * *
The gnoll hits you.
You die... *###### * * , , ..#.## ,*#....## > #.....,, , , * g...#,* , * , gg.

, * , ,,#g# * * *
*, #@# .. * ##'##
*, .### , , ##...##
.... ,* * ** ,
*##.....## ##.# **
* * #.......##
##..# ,
#.........####...##
+.........'.......#
,
#.........####...##
, ##.......## ##..#


You could see 3 gnolls and a goblin.

Vanquished Creatures
  A gnoll (D:2)
  A dart slug (D:1)
  2 leopard geckos
  A ball python (D:1)
  2 giant cockroaches (D:1)
  5 goblins (D:1)
  3 hobgoblins (D:1)
  4 jackals (D:1)
  5 kobolds
  A quokka (D:2)
  8 bats
  2 frilled lizards (D:1)
  6 rats
41 creatures vanquished.

Notes
Turn   | Place    | Note
-------+----------+-------------------------------------------
     0 | D:1      | Mrkan the Minotaur Monk began the quest for the Orb.
     0 | D:1      | Reached XP level 1. HP: 19/19 MP: 1/1
   329 | D:1      | Reached XP level 2. HP: 25/27 MP: 2/2
   373 | D:1      | Reached skill level 1 in Armour
   430 | D:1      | Found a shattered altar of Ashenzari.
   522 | D:1      | Became a worshipper of Ashenzari the Shackled
   522 | D:1      | Reached * piety under Ashenzari
   522 | D:1      | Reached ** piety under Ashenzari
   752 | D:1      | Reached XP level 3. HP: 33/33 MP: 3/3
  1206 | D:2      | Slain by a gnoll

Skill      XL: |  1  2  3 |
---------------+----------+-----
Axes           | 4 |  4.6
Armour         | 1 |  1.5
Fighting       | 4 |  4.1
Dodging        | |  3.7
Stealth        | |  1.7
Invocations    | |  2.0

Action                   || total
-------------------------++-------
Melee: Hand axe          ||    93
       Headbutt          ||    10
Invok: Curse Item        ||     1
 Stab: Sleeping          ||     1
  Eat: Chunk             ||     1
Armor: Robe              ||     2
       Chain mail        ||    58
Dodge: Dodged            ||    83
